 Dungeon Crawl Stone Soup version 0.30-a0-986-g7f2e898f52 (webtiles) character file.

Game seed: 396385501861712315

33 DeathPants the Chiller (level 3, -5/18 HPs)
             Began as a Vine Stalker Ice Elementalist on Apr 1, 2023.
             Slain by Sigmund
             ... wielding a +0 scythe
              (7 damage)
             ... on level 2 of the Dungeon.
             The game lasted 00:04:50 (1286 turns).

DeathPants the Chiller (VSIE)                       Turns: 1286, Time: 00:04:51

Health: -5/18      AC:  2    Str: 12    XL:     3   Next: 29%
Magic:  0/8        EV: 12    Int: 15    God:
Gold:   62         SH:  0    Dex: 14    Spells: 3/7 levels left

rFire   . . .      SeeInvis .    c - +0 dagger
rCold   . . .      Faith    .    (no shield)
rNeg    . . .      Spirit   +    a - +0 robe
rPois   .          Reflect  .    (no helmet)
rElec   .          Rampage  .    (no cloak)
rCorr   .                        (no gloves)
Will    .....                    (no boots)
Stlth   ++                       (no amulet)
HPRegen 0.23/turn                (no ring)
MPRegen 0.11/turn                (no ring)

@: mighty, freezing walls
A: fangs 2, magic shield, antimagic bite, no potion heal 2
a: no special abilities


You were on level 2 of the Dungeon.
You visited 1 branch of the dungeon, and saw 3 of its levels.

You collected 62 gold pieces.

Inventory:

Hand Weapons
 c - a +0 dagger (weapon)
 g - a +0 spear
Missiles
 h - 2 poisoned darts
Armour
 a - a +0 robe (worn)
Scrolls
 e - a scroll of magic mapping
 k - a scroll of fog {unknown}
 l - a scroll of vulnerability {unknown}
Potions
 b - a potion of magic
 f - a potion of haste
 i - 4 potions of flight
 m - a potion of brilliance {unknown}


   Skills:
 + Level 1.2 Fighting
 - Level 1.5 Dodging
 - Level 2.4 Stealth
 + Level 2.8 Spellcasting
 + Level 4.3 Ice Magic


You had 3 spell levels left.
You knew the following spells:

 Your Spells              Type           Power      Damage    Failure   Level
a - Freeze                Ice            60%        1d7       3%          1
b - Frozen Ramparts       Ice            30%        1d5       11%         3

Your spell library contained the following spells:

 Spells                   Type           Power      Damage    Failure   Level
 Ozocubu's Armour         Ice            15%        N/A       11%         3
 Portal Projectile        Hex/Tloc       4%         N/A       52%         3
 Tukima's Dance           Hex            2%         N/A       52%         3
 Summon Ice Beast         Ice/Summ       8%         N/A       63%         4
 Blade Hands              Tmut           1%         N/A       99%         5


Dungeon Overview and Level Annotations

Branches:
Dungeon (3/15)

Altars:
Ashenzari

Annotations:
D:1 digging
D:2 Sigmund


Innate Abilities, Weirdness & Mutations

You have extremely sharp teeth.
When hurt, damage is shared between your health and your magic reserves.
Your bite disrupts and absorbs the magic of your enemies.
Potions cannot restore your health.


Message History

You hit the rat.
You kill the rat!
You now have 62 gold pieces (gained 13).
Magic restored.
j - a scroll of identify
As you read the scroll of identify, it crumbles to dust.
i - 4 potions of flight
There is a stone staircase leading down here.
Found a stone staircase leading up.
There is a stone staircase leading up here.
You climb upwards.
Level annotation: Sigmund
There is a stone staircase leading down here.
Sigmund shouts!
Sigmund gestures wildly while chanting.
Sigmund flickers and vanishes!
Deactivating autopickup; reactivate with Ctrl-A.
Casting: Freeze (safe; 3% risk of failure)
Confirm with . or Enter, or press ? or * to list all spells.
You can't see any susceptible monsters within range! (Use Z to cast anyway.)
Casting: Freeze (safe; 3% risk of failure)
Confirm with . or Enter, or press ? or * to list all spells.
Casting: Frozen Ramparts (extremely dangerous; 11% risk of failure)
Press: ? - help, Dir - look around, f - activate The walls around you are covered in ice.
The wall freezes something but does no damage.
The wall freezes something.
Something hits you.
The frozen ramparts melt away as you move.
Casting: Frozen Ramparts (extremely dangerous; 11% risk of failure)
Confirm with . or Enter, or press ? or * to list all spells.
Casting: Frozen Ramparts (extremely dangerous; 11% risk of failure)
Press: ? - help, Dir - look around, f - activate The walls around you are covered in ice.
The wall freezes something.
Something hits you!
Ouch! That really hurt!
* * * LOW HITPOINT WARNING * * *
You feel very mighty all of a sudden.
The wall freezes something but does no damage.
Something hits you!
You die...

# #..#####.###.#
######............#
@.......#####.###.#
....##........>...##
##..##.######......# #..##>#
#.####.# ...........##.# #.#
.#..##........####.#########
.#..######.##...@...........
#..# #######..<.....#
########.#


There were no monsters in sight!

Vanquished Creatures
  A dart slug (D:1)
  2 orcs
  2 ball pythons
  A giant cockroach (D:1)
  3 goblins
  2 hobgoblins (D:1)
  2 jackals (D:1)
  2 quokkas
  2 bats
  5 frilled lizards
  4 kobolds
  3 rats
29 creatures vanquished.

Notes
Turn   | Place    | Note
-------+----------+-------------------------------------------
     0 | D:1      | DeathPants the Vine Stalker Ice Elementalist began the
                  | quest for the Orb.
     0 | D:1      | Reached XP level 1. HP: 9/9 MP: 4/4
   137 | D:1      | Reached XP level 2. HP: 13/14 MP: 4/6
   402 | D:1      | Reached skill level 1 in Fighting
   413 | D:2      | Noticed Sigmund
   987 | D:2      | Reached XP level 3. HP: 14/18 MP: 5/8
  1019 | D:3      | Found a broken altar of Ashenzari.
  1055 | D:3      | Learned a level 3 spell: Frozen Ramparts
  1286 | D:2      | Slain by Sigmund

Illustrated notes

Levels and vault maps discovered:
D:1:      heliophobic_arrival_henge, layout_basic, item_on_display_a
D:2:      layout_loops_ring, uniq_natasha, uniq_sigmund
D:3:      minmay_angry_zag, layout_loops_ring, ashenzari_altar_1, st_stairs_14,
          wad_floor_pattern_untrapped, minmay_circle_x

Skill      XL: |  1  2 |
---------------+-------+-----
Fighting       | 1 |  1.2
Dodging        | |  1.5
Stealth        | |  2.4
Spellcasting   | |  2.8
Ice Magic      | |  4.3

Action                     || total
---------------------------++-------
  Melee: Dagger            ||    55
         Bite              ||    17
         Spear             ||    20
         Punch             ||     1
   Cast: Freeze            ||    13
         Frozen Ramparts   ||     2
    Use: Scroll            ||     4
         Potion            ||     1
   Stab: Sleeping          ||     2
 Armour: Robe              ||    17
  Dodge: Dodged            ||    52

Table legend: (Time is in decaauts)
 A = Elapsed time spent in this place.
 B = Non-inter-level travel time spent in this place.
 C = Inter-level travel time spent in this place.
 D = Time resting spent in this place.
 E = Time spent auto-exploring this place.
 F = Levels seen in this place.
 G = Mean time per level.
                   A        B        C        D        E       F      G
               +--------+--------+--------+--------+--------+-----+--------+
         Total |   1286 |   1271 |     15 |    155 |    744 |   3 |  428.7 |
       Dungeon |   1286 |   1271 |     15 |    155 |    744 |   3 |  428.7 |
               +--------+--------+--------+--------+--------+-----+--------+

Top non-repeatable levels by time:
     D:1: 934 daAuts
     D:3: 245 daAuts
     D:2: 106 daAuts
